 Dungeon Crawl Stone Soup version 0.30.0-13-g156ef70053 (webtiles) character file.

Game seed: 9163894658962065030

20 GigaChad the Shield-Bearer (level 3, -1/29 HPs)
             Began as a Formicid Fighter on May 17, 2023.
             Was an Initiate of the Shining One.
             Slain by Terence
             ... wielding a +0 hand axe
              (2 damage)
             ... on level 2 of the Dungeon.
             The game lasted 00:00:55 (435 turns).

GigaChad the Shield-Bearer (Formicid Fighter)        Turns: 435, Time: 00:00:55

Health: -1/29      AC:  6    Str: 22    XL:     3   Next: 0%
Magic:  3/3        EV:  9    Int:  7    God:    the Shining One [......]
Gold:   50         SH:  5    Dex: 13    Spells: 2/2 levels left

rFire   . . .        a - +0 war axe
rCold   . . .        c - +0 buckler
rNeg    . . .        b - +0 scale mail
rPois   .            (helmet unavailable)
rElec   .            (no cloak)
rCorr   .            (no gloves)
SInv    +            (no boots)
Will    .....        (no amulet) Stlth
                     (no ring)
HPRegen 0.24/turn    (no ring)
MPRegen 0.08/turn

%: no passive effects
@: glowing
A: permanent stasis, dig shafts and tunnels, antennae 3, four strong arms
a: Dig, Shaft Self, Renounce Religion


You were on level 2 of the Dungeon.
You worshipped the Shining One.
The Shining One was noncommittal.
You visited 1 branch of the dungeon, and saw 2 of its levels.

You collected 50 gold pieces.

Inventory:

Hand Weapons
 a - a +0 war axe (weapon)
Armour
 b - a +0 scale mail (worn)
 c - a +0 buckler (worn)
Jewellery
 g - a +6 ring of intelligence
 h - a ring of flight
Scrolls
 e - a scroll of identify
 i - a scroll of enchant armour {unknown}
Potions
 d - a potion of might
 f - a potion of resistance
 j - a potion of heal wounds {unknown}
 k - a potion of curing {unknown}


   Skills:
 * Level 3.6 Fighting
 * Level 2.2 Axes
 * Level 3.6 Armour
 * Level 4.3 Shields


You had 2 spell levels left.
You didn't know any spells.
Your spell library was empty.

Dungeon Overview and Level Annotations

Branches:
Dungeon (2/15)

Altars:
The Shining One

Annotations:
D:2 Terence


Innate Abilities, Weirdness & Mutations

You cannot be hasted, slowed, berserked, paralysed or teleported.
You can dig through walls and to a lower floor.
You have a pair of large antennae on your head. (SInv)
Your four strong arms can wield two-handed weapons with a shield.


Message History

Terence barely misses you.
You hit Terence.
Terence is moderately wounded.
Terence screams, "I'm going to kill you!"
Terence hits you but does no damage.
You hit Terence.
Terence is moderately wounded.
You block Terence's attack. Terence shouts, "Now you die!"
Terence hits you with a +0 hand axe.
You barely miss Terence.
Terence is moderately wounded.
Terence hits you with a +0 hand axe.
You closely miss Terence.
Terence is moderately wounded.
Terence hits you but does no damage. Terence hits you with a +0 hand axe.
You hit Terence but do no damage.
Terence is moderately wounded.
Terence hits you with a +0 hand axe.
Unknown command.
You barely miss Terence.
Terence is moderately wounded.
Terence hits you but does no damage.
Unknown command.
You closely miss Terence.
Terence is moderately wounded.
Terence hits you with a +0 hand axe. Terence hits you but does no damage.
You are too injured to fight recklessly!
You barely miss Terence.
Terence is moderately wounded.
Terence hits you with a +0 hand axe!
* * * LOW HITPOINT WARNING * * *
Unknown command.
Unknown command.
You closely miss Terence.
Terence is moderately wounded.
Terence hits you with a +0 hand axe.
* * * LOW HITPOINT WARNING * * *
Terence hits you with a +0 hand axe.
You die...

###.# #.### #.....
..##...#######....#
............##....#
####.###.##..#....#
#.###..........# .
#.........#....# .
#######........†..#(#
#.......#....#..@@#.#
..##.####....#......#
#.#########...>.##
#.....## ##..###
#...)..#####.##
#.._).........#
#.......<.....#
#.............#
###...........#


You could see Terence.

Vanquished Creatures
  A ball python (D:1)
  2 endoplasms
  A giant cockroach (D:1)
  3 goblins
  4 hobgoblins
  A quokka (D:1)
  4 frilled lizards
  A kobold (D:1)
  A rat (D:1)
18 creatures vanquished.

Notes
Turn   | Place    | Note
-------+----------+-------------------------------------------
     0 | D:1      | GigaChad the Formicid Fighter began the quest for the Orb.
     0 | D:1      | Reached XP level 1. HP: 18/18 MP: 1/1
   202 | D:1      | Reached XP level 2. HP: 24/24 MP: 2/2
   347 | D:1      | You fall into a shaft and drop 1 floor!
   364 | D:2      | Found a glowing golden altar of the Shining One.
   379 | D:2      | Became a worshipper of the Shining One
   416 | D:2      | Reached XP level 3. HP: 26/29 MP: 3/3
   421 | D:2      | Noticed Terence
   435 | D:2      | HP: 1/29 [Terence/+0 hand axe (5)]
   435 | D:2      | Slain by Terence

Illustrated notes

Levels and vault maps discovered:
D:1:      scummos_arrival_hexagon, layout_loops_ring
D:2:      layout_rooms, basic_altar, serial_shops, nicolae_shop_waterfront,
          uniq_robin, uniq_crazy_yiuf_cottage, uniq_terence

Action                     || total
---------------------------++-------
  Melee: War axe           ||    50
    Use: Scroll            ||     1
 Armour: Scale mail        ||    19
  Dodge: Dodged            ||    21
  Block: Buckler           ||    10
